 Dungeon Crawl Stone Soup version 0.30-b1-2-g02819fbbbe (webtiles) character file.

Game seed: 221242485306292195

76 Borgoz the Trooper (level 4, -2/29 HPs)
             Began as a Gargoyle Berserker on June 16, 2023.
             Was a Believer of Trog.
             Splashed by a jelly's acid (12 damage)
             ... on level 3 of the Dungeon.
             The game lasted 00:01:52 (1796 turns).

Borgoz the Trooper (Gargoyle Berserker)             Turns: 1796, Time: 00:01:53

Health: -2/29      AC:  3    Str: 21    XL:     4   Next: 32%
Magic:  4/4        EV: 11    Int: 13    God:    Trog [**....]
Gold:   115        SH:  0    Dex: 11    Spells: 3/3 levels left

rFire   . . .        a - +0 falchion
rCold   . . .        (no shield)
rNeg    + . .        d - +0 ring mail
rPois   ∞            g - +0 helmet
rElec   +            e - +0 cloak
rCorr   .            (no gloves)
SInv    .            (no boots)
Will    .....        (no amulet)
Stlth   +            n - +6 ring of intelligence
HPRegen 0.24/turn    (no ring)
MPRegen 0.09/turn

%: no passive effects
@: corroded
A: sickness immunity, AC +3, negative energy resistance 1, electricity
resistance, torment resistance 1, petrification resistance
a: Renounce Religion, Berserk, Trog's Hand


You were on level 3 of the Dungeon.
You worshipped Trog.
Trog was pleased with you.
You visited 1 branch of the dungeon, and saw 3 of its levels.

You collected 115 gold pieces.

Inventory:

Hand Weapons
 a - a +0 falchion (weapon)
Armour
 d - a +0 ring mail (worn)
 e - a +0 cloak (worn)
 g - a +0 helmet (worn)
Jewellery
 n - a +6 ring of intelligence (left hand)
Scrolls
 c - 3 scrolls of identify {unknown}
 f - a scroll of poison {unknown}
 h - a scroll of fog {unknown}
 k - a scroll of enchant weapon {unknown}
 l - a scroll of noise {unknown}
Potions
 b - a potion of haste {unknown}
 i - a potion of flight {unknown}
 j - a potion of invisibility {unknown}
 m - a potion of magic {unknown}


   Skills:
 + Level 3.9 Fighting
 + Level 3.2 Long Blades
 + Level 3.0 Armour
 + Level 2.2 Dodging


You had 3 spell levels left.
You didn't know any spells.
Your spell library was empty.

Dungeon Overview and Level Annotations

Branches:
Dungeon (3/15)

Altars:
The Shining One


Innate Abilities, Weirdness & Mutations

You are immune to sickness and miasma.
Your stone body is resilient. (AC +3)
You are immune to poison.
You resist negative energy. (rN+)
You are resistant to electric shocks. (rElec)
You are resistant to unholy torment.
You are immune to petrification.


Message History

The dart slug is almost dead.
You hit the dart slug.
You kill the dart slug!
Trog accepts your kill.
No target in view!
No target in view!
No target in view!
No target in view!
No target in view!
No target in view!
You now have 115 gold pieces (gained 3).
Found a book of Touch.
Found a stone staircase leading down.
Found a scimitar.
A jelly comes into view.
The jelly quivers.
The jelly misses you.
You hit the jelly.
Your hands burn!
The jelly is lightly wounded.
The jelly closely misses you.
You slash the jelly! The acid corrodes you!
Your hands burn!
The jelly is severely wounded.
The jelly hits you. The acid corrodes you!
You are splashed with acid!
You hit the jelly but do no damage.
Your hands burn!
The jelly is severely wounded.
The jelly hits you but does no damage. The jelly barely misses you.
You completely miss the jelly.
The jelly is severely wounded.
The jelly hits you but does no damage.
You hit the jelly but do no damage.
Your hands burn!
The jelly is severely wounded.
The jelly closely misses you.
You are too injured to fight recklessly!
You are too injured to fight recklessly!
You are too injured to fight recklessly!
You are too injured to fight recklessly!
The jelly hits you but does no damage. The jelly attacks as you move away!
The jelly hits you but does no damage. The jelly attacks as you move away!
The jelly hits you.
You are splashed with acid!
You die...

######## ##......##
##....)...##
#..........#
#..........# ###########
#..........# ..#.......#
#..........# ..#.......#
#......>...# ..#.......#
##..@J....##
###.......###..........#
.......................#
...........##......:...#
#.........###..........#
#.........# #..........#
..........# ##........##
#.........# ........##
#....###### .########


You could see a jelly.

Vanquished Creatures
  An adder (D:2)
  A worm (D:2)
  3 dart slugs
  4 orcs
  3 endoplasms
  A giant cockroach (D:1)
  7 goblins
  4 hobgoblins
  2 jackals (D:2)
  3 quokkas
  7 ball pythons
  5 bats
  A frilled lizard (D:3)
  2 kobolds (D:1)
  6 rats
50 creatures vanquished.

Notes
Turn   | Place    | Note
-------+----------+-------------------------------------------
     0 | D:1      | Borgoz the Gargoyle Berserker began the quest for the Orb.
     0 | D:1      | Reached XP level 1. HP: 14/14 MP: 1/1
   122 | D:1      | Reached XP level 2. HP: 19/19 MP: 2/2
   387 | D:1      | Reached XP level 3. HP: 21/23 MP: 3/3
   763 | D:1      | Reached ** piety under Trog
   846 | D:2      | Found a glowing golden altar of the Shining One.
  1186 | D:2      | Reached XP level 4. HP: 29/29 MP: 4/4
  1796 | D:3      | Splashed by a jelly's acid

Illustrated notes

Levels and vault maps discovered:
D:1:      eino_arrival_tree_alley, layout_loops_ring
D:2:      layout_basic, basic_altar, serial_park_tiny_2
D:3:      layout_rooms

Skill      XL: |  1  2  3  4 |
---------------+-------------+-----
Long Blades    | 3 |  3.2
Dodging        | 2 |  2.2
Armour         | 3 |  3.0
Fighting       | |  3.9

Action                     |  1- 3 |  4- 6 || total
---------------------------+-------+-------++-------
  Melee: Falchion          |   136 |    44 ||   180
         Punch             |     1 |     1 ||     2
 Armour: Animal skin       |    30 |       ||    30
         Ring mail         |    44 |    36 ||    80
  Dodge: Dodged            |   108 |    31 ||   139
